 Dungeon Crawl Stone Soup version 0.29.1-4-g47bece8355 (webtiles) character file.

Game seed: 4717147459546623916

45 GorkyZ the Trooper (level 3, -1/23 HPs)
             Began as a Gargoyle Monk on Dec 3, 2022.
             Slain by a gnoll
             ... wielding a +0 spear
              (6 damage)
             ... on level 2 of the Dungeon.
             The game lasted 00:04:14 (2340 turns).

GorkyZ the Trooper (Gargoyle Monk)                  Turns: 2340, Time: 00:04:14

Health: -1/23      AC:  6    Str: 16    XL:     3   Next: 64%
Magic:  3/3        EV: 12    Int: 10    God:
Gold:   72         SH:  0    Dex: 12    Spells: 2/2 levels left

rFire   . . .      SeeInvis .   a - +0 mace
rCold   . . .      Faith    .   (no shield)
rNeg    + . .      Spirit   .   j - +0 leather armour
rPois   ∞          Reflect  .   (no helmet)
rElec   +          Harm     .   (no cloak)
rCorr   .          Rampage  .   (no gloves)
Will    .....                   (no boots)
Stlth   ++........              (no amulet)
HPRegen 0.07/turn               (no ring)
MPRegen 0.08/turn               (no ring)

@: no status effects
A: sickness immunity, AC +3, negative energy resistance 1, electricity
resistance, torment resistance 1, petrification resistance
a: no special abilities


You were on level 2 of the Dungeon.
You visited 1 branch of the dungeon, and saw 2 of its levels.

You collected 72 gold pieces.

Inventory:

Hand Weapons
 a - a +0 mace (weapon)
 k - a +0 hand axe
Missiles
 d - 2 poisoned darts (quivered)
Armour
 b - a +0 robe
 j - a +0 leather armour (worn)
Scrolls
 g - a scroll of immolation
Potions
 c - a potion of ambrosia
 e - a potion of curing
 f - a potion of flight {unknown}


   Skills:
 + Level 3.5 Fighting
 + Level 3.2 Maces & Flails
 + Level 1.0 Throwing
 + Level 1.0 Armour
 + Level 2.6 Dodging
 - Level 2.1 Stealth
 + Level 1.0 Shields
 + Level 0.7 Evocations


You had 2 spell levels left.
You didn't know any spells.
Your spell library contained the following spells:

 Spells                   Type           Power      Damage    Failure   Level
 Ozocubu's Armour         Ice            0%         N/A       80%         3
 Metabolic Englaciation   Hex/Ice        0%         N/A       100%        5
 Simulacrum               Ice/Necr       0%         N/A       100%        6


Dungeon Overview and Level Annotations

Branches:
Dungeon (2/15)

Altars:


Innate Abilities, Weirdness & Mutations

You are immune to sickness and miasma.
Your stone body is resilient. (AC +3)
You are immune to poison.
You resist negative energy. (rN+)
You are resistant to electric shocks. (rElec)
You are resistant to unholy torment.
You are immune to petrification.


Message History

You kill the kobold!
No target in view!
There is an open door here.
A gnoll comes into view. It is wielding a +0 halberd.
The gnoll shouts!
You hit the gnoll.
The gnoll is lightly wounded.
You hear a shout!
The gnoll hits you with a +0 halberd!
Ouch! That really hurt!
You are too injured to fight recklessly!
You are too injured to fight recklessly!
You are too injured to fight recklessly!
You are too injured to fight recklessly!
You are too injured to fight recklessly!
You hit the gnoll.
The gnoll is severely wounded.
The gnoll closely misses you.
You hit the gnoll but do no damage.
The gnoll is severely wounded.
The gnoll closely misses you.
You closely miss the gnoll.
The gnoll is severely wounded.
The gnoll misses you. The gnoll barely misses you. x2
You hit the gnoll.
You kill the gnoll!
The gnoll hits you from afar with a +0 spear.
* * * LOW HITPOINT WARNING * * *
Your Throwing skill increases to level 1!
Your Armour skill increases to level 1!
Your Shields skill increases to level 1!
The gnoll closely misses you.
Things that are here:
a +0 halberd; a gnoll corpse You closely miss the gnoll.
The gnoll hits you with a +0 spear.
* * * LOW HITPOINT WARNING * * *
You sock the gnoll!
The gnoll is heavily wounded.
The gnoll hits you with a +0 spear.
You die...

### #.# #.# #..
#.# #.# #g# #@#
#.# #.# #.# .# ##
#.########.#
#...#.#........#
#.#.....'.........
#...###.#.)......#
..# #.#.........


You could see a gnoll.

Vanquished Creatures
  A gnoll (D:2)
  A worm (D:2)
  A dart slug (D:1)
  3 endoplasms
  2 giant cockroaches (D:1)
  A goblin (D:1)
  A hobgoblin (D:1)
  2 jackals (D:2)
  2 kobolds
  4 quokkas (D:1)
  3 ball pythons (D:1)
  2 bats (D:1)
  6 frilled lizards
  2 rats (D:1)
31 creatures vanquished.

Notes
Turn   | Place    | Note
-------+----------+-------------------------------------------
     0 | D:1      | GorkyZ the Gargoyle Monk began the quest for the Orb.
     0 | D:1      | Reached XP level 1. HP: 14/14 MP: 1/1
   339 | D:1      | You fall into a shaft and drop 1 floor!
   359 | D:2      | Reached XP level 2. HP: 8/19 MP: 2/2
  1223 | D:1      | Reached XP level 3. HP: 23/23 MP: 3/3
  1995 | D:1      | Found a faded altar of an unknown god.
  2338 | D:2      | Reached skill level 1 in Throwing
  2338 | D:2      | Reached skill level 1 in Armour
  2338 | D:2      | Reached skill level 1 in Shields
  2340 | D:2      | Slain by a gnoll

Illustrated notes

Levels and vault maps discovered:
D:1:      psy_arrival_spokes, layout_basic,
          shapermc_ecumenical_altar_mp_vishouse, hangedman_decor_clover_reticule
D:2:      layout_basic, basic_altar

Skill      XL: |  1  2  3 |
---------------+----------+-----
Throwing       | 1 |  1.0
Armour         | 1 |  1.0
Shields        | 1 |  1.0
Fighting       | |  3.5
Maces & Flails | |  3.2
Dodging        | |  2.6
Stealth        | |  2.1
Evocations     | |  0.7

Action                   || total
-------------------------++-------
Melee: Mace              ||   105
  Use: Scroll            ||     4
 Stab: Sleeping          ||     4
Armor: Robe              ||    46
       Leather armour    ||     1
Dodge: Dodged            ||   101
